 Dungeon Crawl Stone Soup version 0.31-a0-968-g24f9ace8b5 (webtiles) character file.

Game seed: 15119735271734538491

460 Mesmaeker13 the Conjurer (level 6, -2/32 HPs)
             Began as a Deep Elf Conjurer on Oct 27, 2023.
             Slain by an ogre
             ... wielding a +0 giant club
              (34 damage)
             ... on level 4 of the Dungeon.
             The game lasted 00:06:30 (3679 turns).

Mesmaeker13 the Conjurer (Deep Elf Conjurer)        Turns: 3679, Time: 00:06:31

Health: -2/32      AC:  4    Str:  4    XL:     6   Next: 78%
Magic:  11/16      EV: 14    Int: 25    God:
Gold:   110        SH:  0    Dex: 15    Spells: 13/16 levels left

rFire   . . .        m - +1 dagger of Zin's Whim {freeze, Dex+2 SInv Stlth+}
rCold   . . .        (no shield)
rNeg    . . .        a - +0 robe
rPois   .            (no helmet)
rElec   .            (no cloak)
rCorr   .            g - +0 pair of gloves
SInv    +            e - +0 pair of boots
Will    .....        (no amulet)
Stlth   ++++         n - ring of see invisible
HPRegen 0.25/turn    (no ring)
MPRegen 0.15/turn

%: no passive effects
@: no status effects
A: no striking features
a: no special abilities


You were on level 4 of the Dungeon.
You visited 1 branch of the dungeon, and saw 4 of its levels.

You collected 110 gold pieces.

Inventory:

Hand Weapons
 m - the +1 dagger of Zin's Whim (weapon) {freeze, Dex+2 SInv Stlth+}
   (You took it off a gnoll on level 2 of the Dungeon)

   Dex+2:     It affects your dexterity (+2).
   SInv:      It lets you see invisible.
   Stlth+:    It makes you more stealthy.
Armour
 a - a +0 robe (worn)
 e - a +0 pair of boots (worn)
 g - a +0 pair of gloves (worn)
 u - a +0 buckler
Magical Staves
 l - a staff of conjuration
Jewellery
 n - a ring of see invisible (left hand)
Scrolls
 c - 2 scrolls of blinking
 d - 2 scrolls of vulnerability
 o - a scroll of identify {unknown}
 p - a scroll of noise {unknown}
 r - a scroll of revelation {unknown}
 t - a scroll of immolation {unknown}
Potions
 b - 2 potions of magic
 f - a potion of heal wounds {unknown}
 h - a potion of cancellation {unknown}
 i - 3 potions of curing {unknown}
 j - 2 potions of brilliance {unknown}
 k - 3 potions of enlightenment {unknown}
 q - a potion of attraction {unknown}
 s - a potion of invisibility {unknown}
 v - a potion of ambrosia {unknown}


   Skills:
 + Level 4.8 Dodging
 + Level 5.2 Stealth
 + Level 5.5 Spellcasting
 + Level 5.8 Conjurations


You had 13 spell levels left.
You knew the following spells:

 Your Spells              Type           Power      Damage    Failure   Level
a - Magic Dart            Conj           100%       1d8       1%          1
b - Searing Ray           Conj           72%        2d7       1%          2

Your spell library contained the following spells:

 Spells                   Type           Power      Damage    Failure   Level
 Dazzling Flash           Conj/Hex       42%        N/A       7%          3
 Sublimation of Blood     Necr           6%         N/A       12%         2
 Volatile Blastmotes      Fire/Tloc      12%        2d11      24%         3
 Fulminant Prism          Conj/Hex       10%        3d8       24%         4
 Iskenderun's Mystic Bla  Conj/Tloc      21%        2d6       24%         4
 Irradiate                Conj/Tmut      10%        3d15      54%         5
 Petrify                  Tmut/Erth      6%         N/A       61%         4
 Starburst                Conj/Fire      10%        6d5       98%         6
 Maxwell's Capacitive Co  Air            3%         ∞         100%        8


Dungeon Overview and Level Annotations

Branches:
Dungeon (4/15)
 Temple: D:4-7

Altars:
The Shining One

Shops:
D:2 =

Annotations:
D:3 2 transporters, Mgcat's ghost, amateur MeEE


Message History

Press: ? - help, Shift-Dir - straight line, f - ball python
Aim: a ball python (wandering, hasn't noticed you, 100% to hit)
The magic dart hits the ball python.
The ball python is severely wounded.
The ball python hisses angrily.
A ball python is nearby!
Casting: Magic Dart (safe; 1% risk of failure)
Confirm with . or Enter, or press ? or * to list all spells.
Aiming: Magic Dart (safe; 1% risk of failure)
Press: ? - help, Shift-Dir - straight line, f/p - ball python
Aim: a ball python (severely wounded, 100% to hit)
The magic dart hits the ball python.
You kill the ball python!
An ogre comes into view. It is wielding a +0 giant club.
The ogre shouts!
Casting: Magic Dart (safe; 1% risk of failure)
Confirm with . or Enter, or press ? or * to list all spells.
Aiming: Magic Dart (safe; 1% risk of failure)
Press: ? - help, Shift-Dir - straight line, f - ogre
Aim: an ogre, wielding a +0 giant club (100% to hit)
The magic dart hits the ogre!
The ogre is moderately wounded.
Casting: Magic Dart (safe; 1% risk of failure)
Confirm with . or Enter, or press ? or * to list all spells.
Aiming: Searing Ray (safe; 1% risk of failure)
Press: ? - help, Shift-Dir - straight line, f/p - ogre
Aim: an ogre, wielding a +0 giant club (moderately wounded, 91% to hit)
The searing ray hits the ogre.
The ogre is heavily wounded. (Press . to maintain the ray.)
A howler monkey comes into view.
The searing ray misses the ogre.
The searing ray hits the ogre!
The ogre is severely wounded.
The searing ray hits the howler monkey!
The howler monkey is moderately wounded.
The howler monkey howls!
The ogre hits you with a +0 giant club!!
Ouch! That really hurt!
You die...

#.##########.#
#.......[....#
############.#
.........#
#........#
..######.########.
#.#........
#....#####..
#..#@O.h....
#†...#######
#.#.## #†..# .....
####.## #.# #.


You could see an ogre and a howler monkey.

Vanquished Creatures
  An ogre (D:4)
  A centaur (D:4)
  A scorpion (D:3)
  A jelly (D:3)
  An iguana (D:4)
  Natasha (D:4)
  5 gnolls (D:2)
  4 adders
  A dart slug (D:2)
  2 orcs
  8 ball pythons
  6 bats
  5 endoplasms
  5 giant cockroaches
  10 hobgoblins
  2 jackals (D:1)
  A quokka (D:1)
  3 frilled lizards
  3 goblins
  10 kobolds
  4 rats
75 creatures vanquished.

Vanquished Creatures (others)
  An orc (D:4)
  A goblin (D:4)
  A kobold (D:4)
3 creatures vanquished.

Grand Total: 78 creatures vanquished

Notes
Turn   | Place    | Note
-------+----------+-------------------------------------------
     0 | D:1      | Mesmaeker13 the Deep Elf Conjurer began the quest for the
                  | Orb.
     0 | D:1      | Reached XP level 1. HP: 10/10 MP: 6/6
   219 | D:1      | Reached XP level 2. HP: 15/15 MP: 6/8
   935 | D:1      | Reached XP level 3. HP: 19/19 MP: 8/10
  1184 | D:2      | Found Liagirax's Jewellery Emporium.
  1250 | D:2      | Identified the +1 dagger of Zin's Whim {freeze, Dex+2 SInv
                  | Stlth+}
  1308 | D:2      | Reached XP level 4. HP: 21/24 MP: 4/11
  1367 | D:2      | Found a glowing golden altar of the Shining One.
  1408 | D:2      | Learned a level 2 spell: Searing Ray
  1473 | D:2      | Found a faded altar of an unknown god.
  1842 | D:2      | Reached skill level 5 in Conjurations
  2276 | D:3      | Reached XP level 5. HP: 28/28 MP: 7/13
  2905 | D:3      | Found a transporter.
  2906 | D:3      | Noticed Mgcat's ghost (amateur MeEE)
  2907 | D:3      | Noticed an ogre
  2909 | D:3      | Noticed an ogre
  2913 | D:3      | Found a transporter.
  2913 | D:3      | Noticed an ogre
  3315 | D:4      | Noticed a centaur
  3327 | D:4      | Killed a centaur
  3328 | D:4      | Reached skill level 5 in Spellcasting
  3328 | D:4      | Reached XP level 6. HP: 23/32 MP: 9/15
  3394 | D:4      | Reached skill level 5 in Stealth
  3594 | D:4      | Noticed Natasha
  3615 | D:4      | Killed Natasha
  3679 | D:4      | Slain by an ogre

Illustrated notes

Levels and vault maps discovered:
D:1:      erik_arrival_blinker_ship, layout_loops_cross
D:2:      kb_forest_paths, layout_loops_ring, chequers_ecumenical_altar_island,
          serial_shops, nicolae_shop_statue_plus, basic_altar, kennysheep_potato
D:3:      layout_basic, gammafunk_ghost_smash, minmay_misc_feat_encased
D:4:      layout_loops_ring, xom_confusion_cloud, abandoned_shop,
          nicolae_figureground_pulse, uniq_natasha

Skill      XL: |  1  2  3  4  5  6 |
---------------+-------------------+-----
Stealth        | 3 4 5 |  5.2
Dodging        | 3 4 |  4.8
Spellcasting   | 4 5 |  5.5
Conjurations   | 5 |  5.8

Action                     |  1- 3 |  4- 6 || total
---------------------------+-------+-------++-------
  Melee: Unarmed           |     2 |       ||     2
         Dagger            |       |     1 ||     1
   Cast: Magic Dart        |    76 |    80 ||   156
         Searing Ray       |       |     9 ||     9
    Use: Scroll            |     3 |       ||     3
 Armour: Robe              |     6 |    11 ||    17
  Dodge: Dodged            |    12 |    16 ||    28

Table legend: (Time is in decaauts)
 A = Elapsed time spent in this place.
 B = Non-inter-level travel time spent in this place.
 C = Inter-level travel time spent in this place.
 D = Time resting spent in this place.
 E = Time spent auto-exploring this place.
 F = Levels seen in this place.
 G = Mean time per level.
                   A        B        C        D        E       F      G
               +--------+--------+--------+--------+--------+-----+--------+
         Total |   3679 |   3574 |    105 |    281 |   2764 |   4 |  919.8 |
       Dungeon |   3679 |   3574 |    105 |    281 |   2764 |   4 |  919.8 |
               +--------+--------+--------+--------+--------+-----+--------+

Top non-repeatable levels by time:
     D:2: 1194 daAuts
     D:3: 1138 daAuts
     D:1: 971 daAuts
     D:4: 375 daAuts
